 Dungeon Crawl Stone Soup version 0.25.0-9-g26727b657a (webtiles) character file.

Game seed: 6097378048104166532

36 xccam the Scratcher (level 3, 0/17 HPs)
             Began as a Felid Abyssal Knight on June 21, 2020.
             Was a Follower of Lugonu.
             Slain by an iron imp (5 damage)
             ... summoned by Natasha
             ... on level 2 of the Dungeon.
             The game lasted 00:02:17 (1887 turns).

xccam the Scratcher (Felid Abyssal Knight)          Turns: 1887, Time: 00:02:17

Health: 0/17       AC:  1    Str:  9    XL:     3   Next: 19%
Magic:  5/5        EV: 18    Int: 13    God:    Lugonu [*.....]
Gold:   24         SH:  5    Dex: 15    Spells: 2/2 levels left
                                        Lives:  0   Deaths: 0

rFire    . . .     SeeInvis +     - Unarmed
rCold    . . .     Gourm    .   (shield unavailable)
rNeg     . . .     Faith    .   (armour unavailable)
rPois    .         Spirit   .   (helmet unavailable)
rElec    .         Reflect  +   (cloak unavailable)
rCorr    .         Harm     .   (gloves unavailable)
MR       .....                  (boots unavailable)
Stlth    ++........             g - amulet of reflection
HPRegen  0.05/turn              (no ring)
MPRegen  0.09/turn              (no ring)

@: quick
A: very small, no armour, no weapons or thrown items, stealth, claws 1, fangs 3,
see invisible, carnivore, speed 1, shaggy fur 1, slow metabolism 1, sharp paws
a: Depart the Abyss, Renounce Religion


You were on level 2 of the Dungeon.
You worshipped Lugonu.
Lugonu was aware of your devotion.
You were completely stuffed.

You visited 1 branch of the dungeon, and saw 2 of its levels.
You visited the Abyss 1 time.

You collected 24 gold pieces.

Inventory:

Jewellery
 g - an amulet of reflection (around neck)
Scrolls
 b - a scroll of enchant armour {unknown}
 c - a scroll of random uselessness {unknown}
 h - a scroll of fear {unknown}
 j - 3 scrolls of teleportation {unknown}
 k - a scroll of enchant weapon {unknown}
 n - a scroll of remove curse {unknown}
 o - a scroll of magic mapping {unknown}
Potions
 d - a potion of lignification {unknown}
 e - a potion of curing {unknown}
 f - a potion of flight {unknown}
 i - a potion of haste {unknown}
 l - a potion of heal wounds {unknown}
Comestibles
 a - 3 rations
 m - 5 chunks of flesh


   Skills:
 - Level 3.0 Fighting
 - Level 3.2 Dodging
 + Level 3.6 Unarmed Combat
 - Level 1.7 Invocations


You had 2 spell levels left.
You didn't know any spells.
Your spell library was empty.

Dungeon Overview and Level Annotations

Branches:
Dungeon (2/15)

Altars:

Annotations:
D:2 Natasha


Innate Abilities, Weirdness & Mutations

You cannot wear armour.
You are incapable of wielding weapons or throwing items.
Your paws allow you to move quietly. (Stealth)
You have sharp claws.
You have razor-sharp teeth.
You have supernaturally acute eyesight. (SInv)
You are carnivorous and can eat meat at any time.
You cover ground quickly.
You are covered in fur. (AC +1)
You have a slow metabolism.
Your sharp claws are effective at attacking unaware monsters.


Message History

Your surroundings seem slightly different.
Natasha casts a spell.
Found a scroll labeled GAEDUCRA CI KUDEL.
Natasha claws you!
You barely miss Natasha. Natasha closely misses you.
Unknown command.
You scratch Natasha.
Natasha is moderately wounded.
Natasha stares at you and mumbles some strange words.
The magic dart hits you.
* * * LOW HITPOINT WARNING * * *
Unknown command.
You scratch Natasha but do no damage. You bite Natasha, but do no damage.
Natasha is moderately wounded.
Natasha closely misses you.
Unknown command.
You completely miss Natasha.
Natasha is moderately wounded.
The iron imp hits you.
You die...

# #. #.
#?.
#..####
#.....#
#...@.#
#...h5#
#.....#
#.....#
#.#.###
#...#
###?#
#####
#.#
....#
#.##


You could see an iron imp (summoned) and Natasha.

Vanquished Creatures
  A ball python (D:1)
  A giant cockroach (D:2)
  6 goblins
  5 hobgoblins
  4 jackals (D:1)
  3 kobolds
  5 bats
  3 frilled lizards
  4 rats (D:1)
32 creatures vanquished.

Vanquished Creatures (others)
  2 bats (D:1)
  A hobgoblin (D:1)
3 creatures vanquished.

Grand Total: 35 creatures vanquished

Notes
Turn   | Place    | Note
-------+----------+-------------------------------------------
     0 | Abyss:1  | xccam the Felid Abyssal Knight began the quest for the Orb.
     0 | Abyss:1  | Reached XP level 1. HP: 10/10 MP: 3/3
    90 | Abyss:1  | Noticed a small abomination
   119 | Abyss:1  | Noticed an ancient zyme
   146 | Abyss:1  | Noticed a wretched star
   153 | D:1      | Escaped the Abyss
   374 | D:1      | Reached * piety under Lugonu
   377 | D:1      | Reached XP level 2. HP: 8/14 MP: 4/4
  1670 | D:2      | Reached XP level 3. HP: 13/17 MP: 5/5
  1880 | D:2      | Noticed Natasha
  1887 | D:2      | Slain by an iron imp

Illustrated notes

Levels and vault maps discovered:
D:1:      dpeg_arrival_stonehenge_8_columns, layout_loops_corners,
          lemuel_flame_loot_1
D:2:      layout_loops_ring, uniq_natasha, uniq_jessica

Skill      XL: |  1  2 |
---------------+-------+-----
Unarmed Combat | 3 |  3.6
Fighting       | |  3.0
Dodging        | |  3.2
Invocations    | |  1.7

Action                   || total
-------------------------++-------
Melee: Unarmed           ||    93
       Bite              ||     5
       Punch             ||     2
Invok: Depart the Abyss  ||     1
 Stab: Sleeping          ||     2
  Eat: Chunk             ||     9
Armor: Skin              ||     6
Dodge: Dodged            ||    60
Block: Other             ||    13
